 Dungeon Crawl Stone Soup version 0.17-a0-1184-gb75be8f (webtiles) character file.

135111 Vivisectus the Severer (level 16, -1/154 HPs)
             Began as a Minotaur Fighter on June 1, 2015.
             Was a High Priest of Okawaru.
             Killed from afar by a fire dragon (7 damage)
             ... with a blast of flame
             ... on level 2 of the Depths.
             The game lasted 02:36:07 (22001 turns).

Vivisectus the Severer (Minotaur Fighter)          Turns: 22001, Time: 02:36:07

Health: -1/154     AC: 30    Str: 25    XL:     16   Next: 63%
Magic:  20/21      EV: 10    Int:  8    God:    Okawaru [*****.]
Gold:   994        SH: 24    Dex: 15    Spells: 0 memorised, 15 levels left

rFire  + . .     SeeInvis +     A - +4 broad axe of the Sun {venom, rF+ Int+3 Dex+2 SInv}
rCold  + . .     Clarity  .     D - +0 plate armour
rNeg   . . .     SustAt   .     r - +0 large shield {rC+}
rPois  .         Gourm    .     L - +1 hat
rElec  +         Spirit   .     (no cloak)
rCorr  .         Warding  .     Z - +1 pair of gloves of Foplacw {rElec}
rMut   .         Stasis   .     v - +0 pair of boots
MR     +....                    (no amulet)
Stlth  ..........               t - +5 ring of protection
                                U - ring of see invisible

@: heroism, finesse, somewhat resistant to hostile enchantments, extremely
unstealthy
A: retaliatory headbutt, horns 2
a: Heroism, Finesse, Renounce Religion


You were on level 2 of the Depths.
You worshipped Okawaru.
Okawaru was extremely pleased with you.
You were not hungry.

You visited 3 branches of the dungeon, and saw 20 of its levels.
You visited the Abyss 1 time.

You collected 1900 gold pieces.
You spent 906 gold pieces at shops.

Inventory:

Hand weapons
 c - the +10 battleaxe of Eklufaap {chop, rPois MP+9 Str+3}
   (Okawaru gifted it to you on level 2 of the Depths)

   It inflicts extra damage upon your enemies.
   It affects your strength (+3).
   It protects you from poison.
   It affects your magic capacity (+9).
 k - a +2 hand axe of freezing
 A - the +4 broad axe of the Sun (weapon) {venom, rF+ Int+3 Dex+2 SInv}
   (Okawaru gifted it to you on level 15 of the Dungeon)

   It poisons the flesh of those it strikes.
   It affects your intelligence (+3).
   It affects your dexterity (+2).
   It protects you from fire.
   It lets you see invisible.
 F - the +6 broad axe "Lytifuem" {speed, Dex+2}
   (Okawaru gifted it to you on level 4 of the Orcish Mines)

   Attacks with this weapon are significantly faster.
   It affects your dexterity (+2).
 V - a +1 demon blade
 X - the +8 morningstar "Xedier" {crush, Dex+3}
   (You found it on level 13 of the Dungeon)

   It inflicts extra damage upon your enemies.
   It affects your dexterity (+3).
Armour
 q - the +2 faerie dragon armour {rN+}
   (You took it off the Enchantress on level 1 of the Depths)

   It protects you from negative energy.
 r - a +0 large shield of cold resistance (worn)
 v - a +0 pair of boots (worn)
 w - a +0 hat of intelligence
 x - a +2 shield of reflection
 D - a +0 plate armour (worn)
 L - a +1 hat (worn)
 N - a steam dragon hide
 W - a fire dragon hide
 Z - the +1 pair of gloves of Foplacw (worn) {rElec}
   (You bought it in a shop on level 13 of the Dungeon)

   It insulates you from electricity.
Jewellery
 b - a cursed -3 ring of evasion
 l - an uncursed ring of sustain attributes
 m - an uncursed ring of ice
 t - a +5 ring of protection (right hand)
 u - a +3 ring of slaying
 G - an uncursed ring of magical power
 O - an uncursed ring of flight
 U - a ring of see invisible (left hand)
Magical devices
 n - a wand of slowing (32)
 p - a wand of flame (15)
 y - a wand of teleportation (5)
 I - a wand of teleportation (3)
 J - a wand of random effects (18)
 M - a wand of disintegration (2)
 P - a wand of digging (5)
 Y - a wand of disintegration (17)
Scrolls
 d - 3 scrolls of enchant weapon
 g - 2 scrolls of recharging
 B - 4 scrolls of remove curse
 C - 3 scrolls of fog
 E - 2 scrolls of identify
 H - 2 scrolls of amnesia
 Q - 2 scrolls of magic mapping
Potions
 a - 2 potions of flight
 f - a potion of resistance {unknown}
 o - 9 potions of curing
 s - a potion of haste {unknown}
 z - 2 potions of degeneration {unknown}
 K - 2 potions of cure mutation {unknown}
 T - 2 potions of cancellation {unknown}
Books
 j - a book of Minor Magic

   Spells                             Type                      Level
   a - Magic Dart                     Conjuration                  1
   b - Blink                          Translocation                2
   c - Call Imp                       Summoning                    2
   d - Repel Missiles                 Charms/Air                   2
   e - Slow                           Hexes                        2
   f - Conjure Flame                  Conjuration/Fire             3
   g - Mephitic Cloud                 Conjuration/Poison/Air       3
 R - a book of the Dragon

   Spells                             Type                      Level
   a - Flame Tongue                   Conjuration/Fire             1
   b - Cause Fear                     Hexes                        4
   c - Bolt of Fire                   Conjuration/Fire             6
   d - Dragon Form                    Transmutation                7
   e - Dragon's Call                  Summoning                    9
Comestibles
 e - 11 bread rations
 i - a meat ration


   Skills:
 + Level 16.9(21.9) Fighting
 + Level 17.1(22.1) Axes
 + Level 16.9(21.9) Armour
 + Level 17.0(22.0) Shields
 - Level 8.6 Invocations


You had 15 spell levels left.
You didn't know any spells.

Dungeon Overview and Level Annotations

Branches:
Dungeon (15/15) Temple (0/1) D:7 Orc (4/4) D:11 Elf (0/3) Orc:3 Orc:4 Vaults (0/5) D:14 Depths (2/5) D:15 Lair: D:8-11

Altars:
Dithmenos
Elyvilon
Kikubaaqudgha
Nemelex Xobeh
Okawaru
Sif Muna
Trog
Yredelemnul
The Shining One

Shops:
D:6 ?   D:9 }   D:10 *   D:11 }   D:13 *   D:15 :   Orc:4 (:}}   Depths:1 %

Portals:
Hell: Depths:1
Ziggurat: Depths:1


Innate Abilities, Weirdness & Mutations

You reflexively headbutt those who attack you in melee.
You have a pair of horns on your head.


Message History

You barely miss the fire dragon.
You headbutt the fire dragon, but do no damage.
The fire dragon is heavily wounded.
You hit the fire dragon.
You headbutt the fire dragon, but do no damage.
The fire dragon is heavily wounded.
Your shield and plate armour prevent you from hitting the fire dragon.
You headbutt the fire dragon!
The fire dragon is severely wounded.
The fire dragon bites you but does no damage.
The fire dragon barely misses you.
The fire dragon tramples you but does no damage.
You closely miss the fire dragon.
You headbutt the fire dragon, but do no damage.
The fire dragon is severely wounded.
You slice the fire dragon!!
The fire dragon is almost dead.
The fire dragon breathes flames at you. The blast of flame hits you!
You resist.
You die...

#.#.
#...♣...♣...#..#.. #
#..##.........##..###
#..#)##...##.#..##
#....#####....##
###.........### .
.###.....## .. # #'#
##.### #.#
#.##.##...#
#...@D....+
#.##.##..## #.# # #.#
#.# '.. ###


You could see a fire dragon.

Vanquished Creatures
  Saint Roka (Depths:1)
  the Enchantress (Depths:1)
  Rupert (D:14)
  Agnes (D:14)
  Frances (D:14)
  Donald (Orc:3)
  3 frost giants
  Maud (Orc:3)
  3 fire giants
  3 spriggan defenders (Depths:1)
  5 very ugly things
  7 rakshasas
  5 stone giants
  3 vampire knights
  Azrael (D:15)
  2 ettins
  A yaktaur captain (Depths:1)
  2 jiangshi (Depths:1)
  3 fire dragons (Depths:2)
  The ghost of Zwobot the Nimble, a powerful OpAM of Makhleb (D:11)
  4 entropy weavers
  A hydra (D:14)
  2 ice dragons (Depths:2)
  4 centaur warriors
  The ghost of Vikmgn the Earth Mage, a powerful GrEE of Vehumet (D:11)
  3 ogre magi
  2 spriggan air magi
  2 dancing weapons (D:14)
  3 orc high priests (Orc:4)
  2 tengu warriors
  A vampire mage (Depths:1)
  A deep troll earth mage (Depths:1)
  2 spriggan berserkers
  A soul eater (Depths:1)
  A sun demon (Depths:2)
  Sonja (Orc:4)
  Nergalle (Orc:1)
  A giant orange brain (Depths:2)
  11 hell knights (Depths:2)
  9 skeletal warriors (D:15)
  4 deep trolls (Depths:1)
  4 unseen horrors
  7 hill giants
  An anubis guard (shapeshifter) (Depths:1)
  An obsidian statue (D:14)
  10 orc knights
  5 orc sorcerers
  A sixfirhy (Orc:4)
  A wizard (Depths:1)
  2 cyclopes
  29 ugly things
  A centaur zombie (D:15)
  Maurice (Orc:4)
  An octopode (shapeshifter) (D:13)
  3 gargoyles
  9 yaktaurs (Depths:1)
  10 trolls
  2 tengu conjurers
  2 hellwings
  9 two-headed ogres
  A merfolk (D:11)
  A freezing wraith (D:14)
  4 jumping spiders
  Grinder (D:3)
  5 ravens
  8 slime creatures
  A trapdoor spider (D:11)
  A spriggan (shapeshifter) (Depths:1)
  3 spriggans (Depths:1)
  3 wraiths
  A tarantella (Depths:1)
  2 air elementals (Depths:2)
  2 wyverns
  A hippogriff (D:9)
  9 yaks
  6 redbacks
  2 fire elementals (D:15)
  A steam dragon (D:10)
  A mottled dragon (D:13)
  2 hungry ghosts
  4 vampire mosquitoes (D:13)
  A chaos spawn (Orc:4)
  2 hell hounds (D:15)
  7 ice beasts
  A water moccasin (D:9)
  A warg (Orc:3)
  2 sky beasts
  2 black bears
  An eye of draining (D:10)
  A necrophage (D:5)
  A wasp (D:10)
  17 centaurs
  13 ogres
  21 orc warriors
  4 boggarts (D:14)
  7 giant frogs
  A wyvern zombie (D:10)
  3 scorpions
  5 killer bees (D:7)
  3 wights (D:13)
  7 crimson imps
  A giant frog zombie (D:6)
  27 orc priests
  A jelly (D:5)
  A quasit (D:10)
  6 two-headed ogre zombies (Orc:3)
  2 centaur skeletons
  2 giant frog skeletons
  3 hounds
  34 orc wizards
  An iron imp (D:14)
  6 iguanas
  7 worker ants
  12 adders
  6 shadow imps
  2 white imps (D:14)
  An ooze (D:3)
  2 worms (D:2)
  6 giant geckos
  140 orcs
  A bat zombie (D:6)
  14 hobgoblins
  5 jackals (D:3)
  13 kobolds
  6 quokkas
  2 ball pythons (D:2)
  A ball python skeleton (D:4)
  9 bats
  9 giant cockroaches
  4 giant newts
  15 goblins
  A quokka skeleton (D:6)
  11 rats
  6 spectral orcs (Orc:1)
718 creatures vanquished.

Vanquished Creatures (others)
  A centaur warrior (D:14)
  A yaktaur (Depths:1)
  2 centaurs (D:13)
  An orc wizard (Orc:4)
  2 orcs
7 creatures vanquished.

Grand Total: 725 creatures vanquished

Notes
Turn   | Place    | Note
--------------------------------------------------------------
     0 | D:1      | Vivisectus the Minotaur Fighter began the quest for the Orb.
     0 | D:1      | Reached XP level 1. HP: 19/19 MP: 0/0
   439 | D:1      | Reached XP level 2. HP: 27/27 MP: 1/1
   775 | D:2      | Reached skill level 4 in Armour
   918 | D:2      | Reached XP level 3. HP: 33/33 MP: 2/2
  1474 | D:3      | Reached XP level 4. HP: 40/40 MP: 3/3
  1543 | D:3      | Noticed Grinder
  1552 | D:3      | Paralysed by Grinder for 6 turns
  1565 | D:3      | Killed Grinder
  1565 | D:3      | Reached skill level 5 in Fighting
  1565 | D:3      | Reached skill level 5 in Armour
  1565 | D:3      | Reached skill level 5 in Shields
  1565 | D:3      | Reached XP level 5. HP: 13/48 MP: 4/4
  1820 | D:3      | Reached XP level 6. HP: 54/56 MP: 5/5
  2382 | D:4      | Found an ancient bone altar of Kikubaaqudgha.
  2398 | D:4      | Found an iron altar of Okawaru.
  2405 | D:4      | Became a worshipper of Warmaster Okawaru
  2681 | D:4      | Reached skill level 5 in Axes
  2851 | D:4      | Reached XP level 7. HP: 50/61 MP: 6/6
  3132 | D:5      | Entered Level 5 of the Dungeon
  3160 | D:5      | Acquired Okawaru's first power
  3160 | D:5      | Reached skill level 6 in Shields
  3202 | D:5      | Found a sparkling altar of Nemelex Xobeh.
  3215 | D:5      | Reached skill level 1 in Invocations
  3224 | D:5      | Found a white marble altar of Elyvilon.
  3260 | D:5      | Found a glowing golden altar of the Shining One.
  3540 | D:5      | Found a white marble altar of Elyvilon.
  3579 | D:5      | Reached XP level 8. HP: 48/70 MP: 7/10
  3702 | D:5      | Reached skill level 5 in Invocations
  4241 | D:6      | Found Lequat's Magic Scroll Boutique.
  4257 | D:6      | Bought a scroll of identify for 28 gold pieces
  4257 | D:6      | Bought a scroll of enchant weapon for 105 gold pieces
  4257 | D:6      | Bought a scroll of identify for 28 gold pieces
  4257 | D:6      | Bought a scroll of identify for 28 gold pieces
  4410 | D:6      | Reached skill level 7 in Shields
  4737 | D:6      | Reached XP level 9. HP: 57/78 MP: 7/12
  5748 | D:7      | Found a bloodstained altar of Trog.
  5766 | D:7      | Noticed a gargoyle
  5777 | D:7      | Killed a gargoyle
  5846 | D:7      | Found a staircase to the Ecumenical Temple.
  6020 | D:7      | Reached skill level 8 in Shields
  6075 | D:7      | You fall through a shaft for 2 floors!
  6134 | D:9      | Found Lebbiukk's Gadget Shop.
  6174 | D:9      | Found a shadowy altar of Dithmenos.
  6678 | D:9      | Found a deep blue altar of Sif Muna.
  6792 | D:9      | Reached XP level 10. HP: 59/90 MP: 6/13
  6815 | D:9      | Reached skill level 9 in Shields
  7227 | D:10     | Entered Level 10 of the Dungeon
  7282 | D:10     | Found a staircase to the Lair.
  7634 | D:10     | Noticed a hill giant
  7641 | D:10     | Killed a hill giant
  8028 | D:10     | Found Iklah's Assorted Antiques.
  8037 | D:10     | Bought a scroll of enchant weapon for 217 gold pieces
  8247 | D:11     | Reached skill level 10 in Shields
  8252 | D:11     | Noticed Zwobot's ghost (powerful OpAM)
  8267 | D:11     | Killed Zwobot's ghost
  8267 | D:11     | Acquired Okawaru's second power
  8267 | D:11     | Reached skill level 10 in Fighting
  8281 | D:11     | Found Kinokkir's Gadget Shop.
  8309 | D:11     | Noticed a hill giant
  8322 | D:11     | Killed a hill giant
  8322 | D:11     | Reached XP level 11. HP: 37/99 MP: 9/15
  8641 | D:11     | Noticed Vikmgn's ghost (powerful GrEE)
  8671 | D:11     | Killed Vikmgn's ghost
  8671 | D:11     | Received a gift from Okawaru
  9137 | D:11     | Reached skill level 10 in Armour
  9200 | D:11     | Found a staircase to the Orcish Mines.
  9233 | Orc:1    | Entered Level 1 of the Orcish Mines
  9234 | Orc:1    | Noticed Nergalle
  9300 | Orc:1    | Killed Nergalle
  9300 | Orc:1    | Reached skill level 10 in Axes
 10202 | Orc:3    | Reached skill level 11 in Shields
 10581 | Orc:3    | Noticed Donald
 10585 | Orc:4    | Entered Level 4 of the Orcish Mines
 10585 | Orc:4    | Found a staircase to the Elven Halls.
 10590 | Orc:4    | Noticed Sonja
 10591 | Orc:4    | Noticed Maud
 10611 | Orc:3    | Killed Donald
 10611 | Orc:3    | Reached XP level 12. HP: 38/110 MP: 1/17
 10882 | Orc:3    | Killed Maud
 10908 | Orc:4    | Killed Sonja
 11071 | Orc:4    | Noticed Maurice
 11097 | Orc:4    | Killed Maurice
 11123 | Orc:4    | Found Oddihaw's Weapon Emporium.
 11344 | Orc:4    | Noticed an orc high priest
 11349 | Orc:4    | Noticed an orc high priest
 11770 | Orc:4    | Noticed an orc high priest
 11780 | Orc:4    | Killed an orc high priest
 11806 | Orc:4    | Killed an orc high priest
 11816 | Orc:4    | Received a gift from Okawaru
 11816 | Orc:4    | Reached skill level 12 in Fighting
 11827 | Orc:4    | Found Urregroe's Book Boutique.
 11827 | Orc:4    | Found Kicuffa's Gadget Emporium.
 12184 | Orc:4    | Got a transparent broad axe {god gift}
 12185 | Orc:4    | Identified the +6 broad axe "Lytifuem" {speed, Dex+2} (Okawaru gifted it to you on level 4 of the Orcish Mines)
 12198 | Orc:4    | Killed an orc high priest
 12217 | Orc:4    | Found Cunosk's Assorted Antiques.
 12217 | Orc:4    | Found Fuegemyff's Gadget Emporium.
 13160 | D:13     | Reached XP level 13. HP: 112/119 MP: 18/18
 13302 | D:13     | Received a gift from Okawaru
 13335 | D:13     | Got a brightly glowing morningstar
 13345 | D:13     | Identified the +8 morningstar "Xedier" {crush, Dex+3} (You found it on level 13 of the Dungeon)
 13438 | D:13     | Found Uhyris's Assorted Antiques.
 13441 | D:13     | Bought a pair of jewelled gloves for 370 gold pieces
 13452 | D:13     | Identified the +1 pair of gloves of Foplacw {rElec} (You bought it in a shop on level 13 of the Dungeon)
 13578 | D:13     | Noticed a centaur warrior
 13585 | D:13     | Killed a centaur warrior
 13932 | D:14     | Reached skill level 13 in Armour
 14071 | D:14     | Noticed Rupert
 14087 | D:14     | Killed Rupert
 14087 | D:14     | Received a gift from Okawaru
 14360 | D:14     | Noticed Frances
 14382 | D:14     | Killed Frances
 14443 | D:14     | Found a basalt altar of Yredelemnul.
 14484 | D:14     | Found a gate to the Vaults.
 14764 | D:14     | Noticed Agnes
 14778 | D:14     | Killed Agnes
 15092 | D:15     | Entered Level 15 of the Dungeon
 15119 | D:15     | Found a staircase to the Depths.
 15119 | D:15     | Noticed a fire giant
 15175 | D:15     | Reached XP level 14. HP: 45/130 MP: 16/19
 15544 | D:15     | Reached skill level 14 in Fighting
 15786 | D:15     | Killed a fire giant
 15824 | D:15     | Received a gift from Okawaru
 15828 | D:15     | Found Weh Feapp's Book Emporium.
 15869 | D:15     | Noticed Azrael
 15876 | D:15     | Killed Azrael
 16798 | D:15     | Received a gift from Okawaru
 16799 | D:15     | Got a fine broad axe {god gift}
 16807 | D:15     | Identified the +4 broad axe of the Sun {venom, rF+ Int+3 Dex+2 SInv} (Okawaru gifted it to you on level 15 of the Dungeon)
 16961 | Depths:1 | Entered Level 1 of the Depths
 16985 | Depths:1 | Found a gateway to a ziggurat.
 16988 | Depths:1 | Noticed the Enchantress
 16988 | Depths:1 | Noticed a spriggan defender
 16988 | Depths:1 | Noticed a spriggan defender
 16989 | Depths:1 | Noticed a spriggan defender
 17019 | Depths:1 | Reached skill level 15 in Shields
 17021 | Depths:1 | Killed a spriggan defender
 17021 | Depths:1 | Reached skill level 15 in Fighting
 17025 | Depths:1 | Killed a spriggan defender
 17025 | Depths:1 | Reached skill level 15 in Armour
 17034 | Depths:1 | Reached skill level 15 in Axes
 17035 | Depths:1 | Killed a spriggan defender
 17035 | Depths:1 | Reached XP level 15. HP: 53/141 MP: 14/20
 17081 | Depths:1 | Killed the Enchantress
 17408 | Depths:1 | Got a faerie dragon armour
 17412 | Depths:1 | Identified the +2 faerie dragon armour {rN+} (You took it off the Enchantress on level 1 of the Depths)
 17494 | Depths:1 | Received a gift from Okawaru
 17529 | Depths:1 | Noticed Saint Roka
 17978 | Depths:1 | Killed Saint Roka
 18205 | Depths:1 | Noticed a frost giant
 18219 | Depths:1 | Killed a frost giant
 18933 | Depths:1 | Found Bisaifra's Food Shop.
 18942 | Depths:1 | Bought a bread ration for 65 gold pieces
 18942 | Depths:1 | Bought a bread ration for 65 gold pieces
 18975 | Depths:1 | Noticed a frost giant
 18998 | Depths:1 | Killed a frost giant
 19293 | Depths:1 | Reached skill level 16 in Shields
 19417 | Depths:1 | Received a gift from Okawaru
 19665 | Depths:1 | Paralysed by a vampire knight for 6 turns
 19673 | Depths:1 | Cast into the Abyss (an ogre mage)
 19703 | Depths:1 | Escaped the Abyss
 20280 | Depths:1 | Found a gateway to Hell.
 20659 | Depths:2 | Reached XP level 16. HP: 81/151 MP: 14/21
 21622 | Depths:2 | Received a gift from Okawaru
 21623 | Depths:2 | Got a crystal battleaxe {god gift}
 21629 | Depths:2 | Identified the +10 battleaxe of Eklufaap {chop, rPois MP+9 Str+3} (Okawaru gifted it to you on level 2 of the Depths)
 21957 | Depths:2 | Noticed a quicksilver dragon
 21958 | Depths:2 | Noticed a tentacled monstrosity
 21966 | Depths:2 | Reached skill level 17 in Axes
 21990 | Depths:2 | HP: 5/154 [fire dragon/blast of flame (23)]
 22001 | Depths:2 | Killed from afar by a fire dragon

Vault maps used:
D:1:      moated_graveyard_arrival, serial_aquarium, aquarium_bridge_straight,
          aquarium_bridge_island_small, aquarium_window_1, aquarium_window_fake,
          aquarium_window_3, aquarium_view_2f, aquarium_view_2a,
          aquarium_balcony_3a, aquarium_pool_corner
D:3:      uniq_grinder
D:4:      amethyst_overflow_temple_binary, first_bread
D:5:      nicolae_overflow_hidden_temple, lemuel_doored_altar,
          lemuel_crystal_altar, elyvilon_altar_3
D:6:      serial_shops, nicolae_shop_statue_plus, lightli_sewer_entry_pipes
D:7:      old_standard_altar, minmay_temple_entry_poolview,
          mumra_transporter_accident
D:9:      kennysheep_little_box, grunt_dithmenos_smoke_and_mirrors,
          serial_shops, shop_fountains
D:10:     lair_0_dummy, serial_shops, shop
D:11:     hiddenorc2_lemuel, serial_shops, shop, hangedman_fish_farm
D:12:     amethyst_killhole
D:13:     serial_shops, nicolae_shop_behind_doors
D:14:     erik_vaults_1, basic_altar, minmay_statue_bubble, uniq_rupert,
          uniq_agnes, uniq_frances
D:15:     grunt_enter_depths_giant_problem, minmay_misc_feat_diagonals,
          serial_shops, nicolae_shop_behind_doors, uniq_azrael
Orc:1:    serial_shops, nicolae_shop_overgrown_old_shop, uniq_nergalle
Orc:2:    nicolae_orc_tapped_out
Orc:3:    lemuel_ogre_cave, nicolae_orc_pool_cavern, sword_in_stone, uniq_donald
Orc:4:    grunt_orc_tribal_feast, serial_shops, nicolae_shop_window_shopping,
          mines5_lemuel, uniq_sonja, uniq_maurice, uniq_maud
Depths:1: enter_ziggurat_d, grunt_hell_entry_dis_old, st_stairs_8,
          serial_sigils_hangedman_gnaw, statue_in_the_mist_lemuel,
          kennysheep_windowed_goal, uniq_enchantress, uniq_saint_roka
Depths:2: grunt_twisty_corner, hell_entry, serial_sigils_hangedman_etch,
          abyss_entry, spider_trap, infiniplex_staircase_door_maze,
          grunt_megastairs_2

Action                   |  1- 3 |  4- 6 |  7- 9 | 10-12 | 13-15 | 16-18 || total
-------------------------+-------+-------+-------+-------+-------+-------++-------
Melee: War axe           |    63 |    68 |   317 |   116 |       |       ||   564
       Hand axe          |       |       |       |   615 |       |       ||   615
       Broad axe         |       |       |       |    92 |   866 |   259 ||  1217
Invok: Heroism           |       |       |     4 |    12 |    21 |     4 ||    41
       Finesse           |       |       |       |     7 |    10 |     3 ||    20
Evoke: Wand              |       |       |       |     1 |       |       ||     1
  Use: Scroll            |     6 |     1 |    15 |     7 |     6 |     2 ||    37
       Potion            |       |     1 |       |     1 |     3 |     1 ||     6
  Eat: Chunk             |     2 |     3 |    10 |    12 |     2 |       ||    29
       Royal jelly       |       |       |     2 |     1 |       |       ||     3
       Fruit             |       |       |       |     3 |       |       ||     3
       Beef jerky        |       |       |       |     2 |       |       ||     2
       Meat ration       |       |       |       |     1 |     4 |     1 ||     6
       Bread ration      |       |       |       |       |     1 |       ||     1
       Pizza             |       |       |       |       |       |     1 ||     1
